 Dungeon Crawl Stone Soup version 0.28.0-45-g0d030f2227 (webtiles) character file.

Game seed: 8847952562940781883

36 brightshaft the Magician (level 3, 0/28 HPs)
             Began as a Djinni Venom Mage on Apr 16, 2022.
             Slain by a black bear (1 damage)
             ... on level 2 of the Dungeon.
             The game lasted 00:02:34 (1324 turns).

brightshaft the Magician (Djinni Venom Mage)        Turns: 1324, Time: 00:02:35

Health: 0/28       AC:  4    Str:  7    XL:     3   Next: 57%
Gold:   25         EV: 12    Int: 18    God:
                   SH:  0    Dex: 13

rFire   + + .      SeeInvis .   c - +1 short sword (protect)
rCold   x . .      Faith    .   (no shield)
rNeg    . . .      Spirit   .   a - +0 robe
rPois   ∞          Reflect  .   e - +1 helmet
rElec   .          Harm     .   (no cloak)
rCorr   .          Rampage  .   (no gloves)
Will    .....                   (boots unavailable)
Stlth   ++........              (no amulet)
HPRegen 0.09/turn               (no ring)
MPRegen 0.00/turn               (no ring)

@: flying, very slightly contaminated
A: sickness immunity, fire resistance 2, cold vulnerability 1, float, innate
caster, HP casting, extra vitality 1
a: no special abilities


You were on level 2 of the Dungeon.
You visited 1 branch of the dungeon, and saw 2 of its levels.

You collected 25 gold pieces.

Inventory:

Hand Weapons
 b - a +0 spear
 c - a +1 short sword of protection (weapon)
Armour
 a - a +0 robe (worn)
 e - a +1 helmet (worn)
Scrolls
 d - a scroll of holy word {unknown}


   Skills:
 + Level 1.9 Fighting
 - Level 2.1 Dodging
 - Level 1.5 Stealth
 + Level 2.9 Spellcasting


You couldn't memorise any spells.
You knew the following spells:

 Your Spells              Type           Power      Damage    Failure   Level
a - Sting                 Tmut/Pois      52%        1d5       4%          1
b - Poisonous Vapours     Pois/Air       26%        N/A       8%          2
c - Mephitic Cloud        Conj/Pois/Air  13%        N/A       14%         3
d - Olgreb's Toxic Radia  Pois           13%        N/A       43%         4
e - Pain                  Necr           52%        1d6       4%          1
Your spell library was empty.

Dungeon Overview and Level Annotations

Branches:
Dungeon (2/15)

Altars:


Innate Abilities, Weirdness & Mutations

You are immune to sickness and miasma.
You are immune to poison.
Your flesh is very heat resistant. (rF++)
You are vulnerable to cold. (rC-)
You float through the air rather than walking.
You learn spells naturally, not from books.
Your magical power is your life essence.
You have superior vitality. (+4 MHP)


Message History

[Y]es or [N]o only, please.
That beam is likely to hit you.
Continue anyway?
Okay, then.
There is a stone staircase leading up here.
The black bear growls angrily.
Aiming: Sting (safe; 4% risk of failure)
Press: ? - help, Q - select action, (/) - cycle Shift-Dir - straight line, f - black bear
Aim: a black bear (79% to hit)
The sting hits the black bear.
The black bear is poisoned.
The black bear is lightly wounded.
Aiming: Sting (safe; 4% risk of failure)
Press: ? - help, Q - select action, (/) - cycle Shift-Dir - straight line, f/p - black bear
Aim: a black bear (lightly wounded, poisoned, 79% to hit)
The sting hits the black bear.
The black bear looks even sicker.
The black bear is lightly wounded.
Aiming: Sting (safe; 4% risk of failure)
Press: ? - help, Q - select action, (/) - cycle Shift-Dir - straight line, f/p - black bear
Aim: a black bear (moderately wounded, very poisoned, 79% to hit)
The sting misses the black bear.
The black bear bites you. The black bear claws you.
The black bear claws you but does no damage.
The black bear bites you!
* * * LOW HITPOINT WARNING * * *
The black bear barely misses you. The black bear claws you.
* * * LOW HITPOINT WARNING * * *
You don't have enough health to cast this spell.
You don't have enough health to cast this spell.
Found a hand axe.
A rat comes into view.
The black bear looks more healthy.
Found a stone staircase leading down.
Aiming: Sting (safe; 4% risk of failure)
Press: ? - help, Q - select action, (/) - cycle Shift-Dir - straight line, f/p - black bear
Aim: a black bear (severely wounded, 79% to hit)
You miscast Sting.
You are very lightly contaminated with residual magic.
Nothing appears to happen.
* * * LOW HITPOINT WARNING * * *
The black bear bites you.
You die...

.. .# .#######.###
#..........#...####
#.................#
..................#
................. .##.
... #.@....... ....##
#.####h.......# ......
#..##.........# ......
#............#
......####...#...).r..#
.............#........#
......................>
#......................
..........###..####.##


You could see a black bear and a rat (asleep).

Vanquished Creatures
  A gnoll (D:1)
  A ball python (D:1)
  4 endoplasms
  6 goblins (D:1)
  3 hobgoblins (D:1)
  2 quokkas (D:1)
  2 bats (D:1)
  A frilled lizard (D:1)
  A kobold (D:1)
  2 rats (D:1)
23 creatures vanquished.

Notes
Turn   | Place    | Note
-------+----------+-------------------------------------------
     0 | D:1      | brightshaft the Djinni Venom Mage began the quest for the
                  | Orb.
     0 | D:1      | Reached XP level 1. HP: 15/15 MP: 0/0
    35 | D:1      | Reached skill level 1 in Fighting
    35 | D:1      | Reached XP level 2. HP: 18/22 MP: 0/0
   295 | D:1      | Found a faded altar of an unknown god.
   368 | D:1      | Reached XP level 3. HP: 27/27 MP: 0/0
   368 | D:1      | Learned a level 1 spell: Pain
  1285 | D:2      | Noticed a black bear
  1314 | D:2      | HP: 1/28 [black bear (3)]
  1324 | D:2      | Slain by a black bear

Illustrated notes

Levels and vault maps discovered:
D:1:      lemuel_arrival_muddy, layout_loops_ring,
          chequers_ecumenical_altar_simple, minmay_tromino_v4_b
D:2:      layout_rooms, serial_shops, nicolae_lakefront_shop, uniq_sigmund

Skill      XL: |  1 |
---------------+----+-----
Fighting       | 1 |  1.9
Dodging        | |  2.1
Stealth        | |  1.5
Spellcasting   | |  2.9

Action                   || total
-------------------------++-------
Melee: Spear             ||    30
       Short sword       ||    20
 Cast: Sting             ||    22
 Stab: Sleeping          ||     2
Armor: Robe              ||    10
Dodge: Dodged            ||    24
